| TOP OF THE 1ST |
|
Billings Mustangs batting - Pitching for Helena Brewers : LHP Mike Moffett
|
|
Pitching: LHP Mike Moffett
|
|
|
Batting: RHB Alex de Leon
|
0-0: Foul Ball, location: 2F 0-1: Ball 1-1: Called Strike 1-2: Strikes out swinging
|
|
Batting: SHB Jaivata Mohanty
|
0-0: Hit by Pitch
|
|
Batting: RHB Alex Villagomez
|
0-0: Foul Ball, location: 2F 0-1: Foul Ball, location: 2F 0-2: Ball 1-2: Strikes out swinging
|
|
Batting: SHB David Garnica
|
0-0: Called Strike 0-1: Called Strike 0-2: Ball 1-2: Foul Ball, location: 2F 1-2: Ball 2-2: Ball 3-2: Ground out 6-3 (Groundball, 6, EV 102.5 MPH)
|
| Top of the 1st over - 0 runs, 0 hits, 0 errors, 1 left on base; Billings 0 - Helena 0 |
| BOTTOM OF THE 1ST |
|
Helena Brewers batting - Pitching for Billings Mustangs : RHP Ryan Charles Jr.
|
|
Pitching: RHP Ryan Charles Jr.
|
|
|
Batting: LHB John Fortin
|
0-0: Foul Ball, location: 2F 0-1: Foul Ball, location: 2F 0-2: Strikes out looking
|
|
Batting: LHB Alex Chairez
|
0-0: Ball 1-0: Ball 2-0: Ball 3-0: Base on Balls
|
|
Batting: RHB Jeremy Harden
|
0-0: Called Strike 0-1: Ball 1-1: Ball 2-1: Foul Ball, location: 2F 2-2: Foul Ball, location: 2F 2-2: Ball 3-2: SINGLE (Line Drive, 4D, EV 97.5 MPH) Alex Chairez to second Runner from 2nd tries for 3rd, SAFE, throw by CF made to third
|
|
Batting: RHB Xiao-shuang Au
|
0-0: Ball 1-0: Fly out, F8 (Flyball, 8RD, EV 101.9 MPH) Runner from 3rd tags up, OUT at HOME! 8-2
|
| Bottom of the 1st over - 0 runs, 1 hit, 0 errors, 1 left on base; Billings 0 - Helena 0 |
| TOP OF THE 2ND |
|
Billings Mustangs batting - Pitching for Helena Brewers : LHP Mike Moffett
|
|
Batting: RHB Alex Juarez
|
0-0: Fly out, F8 (Flyball, 8RD, EV 84.4 MPH)
|
|
Batting: RHB Gabriel Arias
|
0-0: Called Strike 0-1: Ball 1-1: Called Strike 1-2: Strikes out swinging
|
|
Batting: RHB Will Trudeau
|
0-0: Ball 1-0: Ball 2-0: Foul Ball, location: 2F 2-1: Foul Ball, location: 2F 2-2: Ball 3-2: Strikes out swinging
|
| Top of the 2nd over - 0 runs, 0 hits, 0 errors, 0 left on base; Billings 0 - Helena 0 |
| BOTTOM OF THE 2ND |
|
Helena Brewers batting - Pitching for Billings Mustangs : RHP Ryan Charles Jr.
|
|
Batting: LHB Greg Reedy
|
0-0: Ball 1-0: Called Strike 1-1: Called Strike 1-2: Strikes out swinging
|
|
Batting: RHB Tony Beaumond
|
0-0: Ball 1-0: TRIPLE (Flyball, 9D, EV 99.4 MPH)
|
|
Batting: LHB Danny Bautista
|
0-0: Called Strike 0-1: Foul Ball, location: 2F 0-2: Ball 1-2: Ball 2-2: Fly out, F4 (Line Drive, 4, EV 74.4 MPH)
|
|
Batting: RHB Curtis Montgomery
|
0-0: Foul Ball, location: 2F 0-1: Foul Ball, location: 2F 0-2: SINGLE (Line Drive, 7S, EV 94.4 MPH) Tony Beaumond scores
|
|
Batting: RHB Mohammed bin Ubaida
|
0-0: Ball 1-0: Foul Ball, location: 2F 1-1: Ball 2-1: Ball 3-1: Called Strike 3-2: Base on Balls Curtis Montgomery to second
|
|
Batting: LHB John Fortin
|
0-0: Called Strike 0-1: Fly out, F3 (Line Drive, 3, EV 63.8 MPH)
|
| Bottom of the 2nd over - 1 run, 2 hits, 0 errors, 2 left on base; Billings 0 - Helena 1 |
| TOP OF THE 3RD |
|
Billings Mustangs batting - Pitching for Helena Brewers : LHP Mike Moffett
|
|
Batting: LHB Alex Ramos
|
0-0: Called Strike 0-1: Foul Ball, location: 2F 0-2: Foul Ball, location: 2F 0-2: Ground out U3 (Groundball, 3, EV 81.9 MPH)
|
|
Batting: RHB Ji-an See-to
|
0-0: Foul Ball, location: 2F 0-1: Foul Ball, location: 2F 0-2: Ball 1-2: Strikes out looking
|
|
Batting: RHB Alex de Leon
|
0-0: Foul Ball, location: 2F 0-1: Swinging Strike 0-2: Strikes out swinging
|
| Top of the 3rd over - 0 runs, 0 hits, 0 errors, 0 left on base; Billings 0 - Helena 1 |
| BOTTOM OF THE 3RD |
|
Helena Brewers batting - Pitching for Billings Mustangs : RHP Ryan Charles Jr.
|
|
Batting: LHB Alex Chairez
|
0-0: Ball 1-0: Called Strike 1-1: Ball 2-1: Foul Ball, location: 2F 2-2: Strikes out swinging
|
|
Batting: RHB Jeremy Harden
|
0-0: Ball 1-0: Foul Ball, location: 2F 1-1: Ball 2-1: Called Strike 2-2: Ball 3-2: Base on Balls
|
|
Batting: RHB Xiao-shuang Au
|
0-0: Foul Ball, location: 2F 0-1: Ball 1-1: Ball 2-1: Called Strike 2-2: Ball 3-2: SINGLE (Groundball, 25, EV 63.8 MPH) (infield hit) Jeremy Harden to second
|
|
Batting: LHB Greg Reedy
|
0-0: Called Strike 0-1: Called Strike 0-2: Ball 1-2: Foul Ball, location: 2F 1-2: Ball 2-2: SINGLE (Line Drive, 56D, EV 100.0 MPH) Jeremy Harden to third Xiao-shuang Au to second Runner from 3rd tries for Home, SAFE, throw by LF to home
|
|
Batting: RHB Tony Beaumond
|
0-0: Foul Ball, location: 2F 0-1: Fielders Choice at 2nd, 3-6 (Groundball, 3S, EV 80.0 MPH) Xiao-shuang Au to third
|
|
Batting: LHB Danny Bautista
|
0-0: Ground out 4-3 (Groundball, 34S, EV 76.9 MPH)
|
| Bottom of the 3rd over - 1 run, 2 hits, 0 errors, 2 left on base; Billings 0 - Helena 2 |
| TOP OF THE 4TH |
|
Billings Mustangs batting - Pitching for Helena Brewers : LHP Mike Moffett
|
|
Batting: SHB Jaivata Mohanty
|
0-0: Foul Ball, location: 2F 0-1: Ball 1-1: Ball 2-1: Ball 3-1: Base on Balls
|
|
Batting: RHB Alex Villagomez
|
0-0: Called Strike 0-1: Ball 1-1: Ball 2-1: SINGLE (Groundball, 56D, EV 95.6 MPH) Jaivata Mohanty to second
|
|
Batting: SHB David Garnica
|
0-0: Ball 1-0: Foul Ball, location: 2F 1-1: Ball 2-1: Called Strike 2-2: Grounds into double play, 4-6-3 (Groundball, 4, EV 82.5 MPH) Jaivata Mohanty to third
|
|
Batting: RHB Alex Juarez
|
0-0: Called Strike 0-1: Ball 1-1: Ball 2-1: Foul Ball, location: 2F 2-2: Foul Ball, location: 2F 2-2: Strikes out looking
|
| Top of the 4th over - 0 runs, 1 hit, 0 errors, 1 left on base; Billings 0 - Helena 2 |
| BOTTOM OF THE 4TH |
|
Helena Brewers batting - Pitching for Billings Mustangs : RHP Ryan Charles Jr.
|
|
Batting: RHB Curtis Montgomery
|
0-0: SINGLE (Line Drive, 9S, EV 97.5 MPH)
|
|
Batting: RHB Mohammed bin Ubaida
|
0-0: Foul Ball, location: 2F 0-1: Ball 1-1: Swinging Strike 1-2: Strikes out swinging
|
|
Batting: LHB John Fortin
|
0-0: Foul Ball, location: 2F 0-1: DOUBLE (Groundball, 5L, EV 108.1 MPH) Curtis Montgomery to third
|
|
Batting: LHB Alex Chairez
|
0-0: Ball 1-0: Foul Ball, location: 2F 1-1: Ball 2-1: Foul Ball, location: 2F 2-2: Ball 3-2: Foul Ball, location: 2F 3-2: Base on Balls
|
|
Batting: RHB Jeremy Harden
|
0-0: Swinging Strike 0-1: Ball 1-1: Foul Ball, location: 2F 1-2: Fly out, F8 (Flyball, 8LD, EV 88.8 MPH) Runner from 3rd tags up, SCORES, throw by CF
|
|
Batting: RHB Xiao-shuang Au
|
0-0: Called Strike 0-1: Ball 1-1: Ball 2-1: Ball 3-1: Called Strike 3-2: Strikes out swinging
|
| Bottom of the 4th over - 1 run, 2 hits, 0 errors, 2 left on base; Billings 0 - Helena 3 |
| TOP OF THE 5TH |
|
Billings Mustangs batting - Pitching for Helena Brewers : LHP Mike Moffett
|
|
Batting: RHB Gabriel Arias
|
0-0: Called Strike 0-1: Swinging Strike 0-2: SINGLE (Flyball, 3D, EV 89.4 MPH)
|
|
Batting: RHB Will Trudeau
|
0-0: Called Strike 0-1: Ball 1-1: Called Strike 1-2: Strikes out swinging
|
|
Batting: LHB Alex Ramos
|
0-0: Called Strike 0-1: Swinging Strike 0-2: DOUBLE (Line Drive, 89D, EV 111.9 MPH) Gabriel Arias to third
|
|
Batting: RHB Ji-an See-to
|
0-0: Called Strike 0-1: Ground out 4-3 (Groundball, 4S, EV 83.1 MPH) Gabriel Arias scores Alex Ramos to third
|
|
Batting: RHB Alex de Leon
|
0-0: Swinging Strike 0-1: Foul Ball, location: 2F 0-2: Foul Ball, location: 2F 0-2: Ball 1-2: Foul Ball, location: 2F 1-2: Strikes out swinging
|
| Top of the 5th over - 1 run, 2 hits, 0 errors, 1 left on base; Billings 1 - Helena 3 |
| BOTTOM OF THE 5TH |
|
Helena Brewers batting - Pitching for Billings Mustangs : RHP Ryan Charles Jr.
|
|
Batting: LHB Greg Reedy
|
0-0: Ball 1-0: Ball 2-0: Swinging Strike 2-1: Ball 3-1: SINGLE (Line Drive, 7S, EV 107.5 MPH)
|
|
Batting: RHB Tony Beaumond
|
0-0: Grounds into double play, 6-4-3 (Groundball, 6, EV 85.6 MPH)
|
|
Batting: LHB Danny Bautista
|
0-0: Ball 1-0: Ball 2-0: Ball 3-0: Called Strike 3-1: Called Strike 3-2: Fly out, F7 (Flyball, 7, EV 93.8 MPH)
|
| Bottom of the 5th over - 0 runs, 1 hit, 0 errors, 0 left on base; Billings 1 - Helena 3 |
| TOP OF THE 6TH |
|
Billings Mustangs batting - Pitching for Helena Brewers : LHP Mike Moffett
|
|
Batting: SHB Jaivata Mohanty
|
0-0: Called Strike 0-1: Ball 1-1: SINGLE (Groundball, 6MD, EV 98.8 MPH)
|
|
Batting: RHB Alex Villagomez
|
0-0: Ball 1-0: Swinging Strike 1-1: Called Strike 1-2: Foul Ball, location: 2F 1-2: Hit by Pitch Jaivata Mohanty to second
|
|
Batting: SHB David Garnica
|
0-0: Foul Ball, location: 2F 0-1: Swinging Strike 0-2: Fielders Choice at 2nd, 5-4 (Groundball, 56, EV 109.4 MPH) Jaivata Mohanty to third
|
|
Pitching: LHP Billy Rojas
|
|
|
Batting: RHB Alex Juarez
|
0-0: Ball 1-0: Called Strike 1-1: Fly out, F8 (Flyball, 78D, EV 75.0 MPH) Runner from 3rd tags up, SCORES, throw by CF
|
|
Batting: RHB Gabriel Arias
|
0-0: Ball 1-0: Called Strike 1-1: Foul Ball, location: 2F 1-2: Ball 2-2: SINGLE (Groundball, 6MD, EV 94.4 MPH) David Garnica to second Runner from 2nd tries for 3rd, OUT! 8-5
|
| Top of the 6th over - 1 run, 2 hits, 0 errors, 1 left on base; Billings 2 - Helena 3 |
| BOTTOM OF THE 6TH |
|
Helena Brewers batting - Pitching for Billings Mustangs : RHP Ryan Charles Jr.
|
|
Batting: RHB Curtis Montgomery
|
0-0: Foul Ball, location: 2F 0-1: Ball 1-1: Ball 2-1: Ball 3-1: Foul Ball, location: 2F 3-2: SINGLE (Groundball, 6MD, EV 100.6 MPH)
|
|
Pitching: RHP Bayani Blanco
|
|
|
Batting: RHB Mohammed bin Ubaida
|
0-0: DOUBLE (Flyball, 8LXD, EV 92.5 MPH) Curtis Montgomery to third
|
|
Batting: LHB John Fortin
|
0-0: Ball 1-0: Ball 2-0: Foul Ball, location: 2F 2-1: Swinging Strike 2-2: Strikes out looking
|
|
Batting: LHB Alex Chairez
|
0-0: Ball 1-0: Foul Ball, location: 2F 1-1: Ball 2-1: Swinging Strike 2-2: Strikes out swinging
|
|
Batting: RHB Jeremy Harden
|
0-0: Ball 1-0: Ball 2-0: Swinging Strike 2-1: Ball 3-1: Base on Balls
|
|
Batting: RHB Xiao-shuang Au
|
0-0: Called Strike 0-1: Ball 1-1: Swinging Strike 1-2: Ball 2-2: Ball 3-2: Strikes out swinging
|
| Bottom of the 6th over - 0 runs, 2 hits, 0 errors, 3 left on base; Billings 2 - Helena 3 |
| TOP OF THE 7TH |
|
Billings Mustangs batting - Pitching for Helena Brewers : LHP Billy Rojas
|
|
Pinch Hitting: RHB Kevin Larner
|
0-0: SOLO HOME RUN (Flyball, 7LD, EV 94.4 MPH), Distance : 343 ft
|
|
Batting: LHB Alex Ramos
|
0-0: Foul Ball, location: 2F 0-1: Ball 1-1: Ground out 5-3 (Groundball, 15, EV 81.9 MPH)
|
|
Batting: RHB Ji-an See-to
|
0-0: Called Strike 0-1: Foul Ball, location: 2F 0-2: Strikes out swinging
|
|
Batting: RHB Alex de Leon
|
0-0: Called Strike 0-1: Foul Ball, location: 2F 0-2: Strikes out swinging
|
| Top of the 7th over - 1 run, 1 hit, 0 errors, 0 left on base; Billings 3 - Helena 3 |
| BOTTOM OF THE 7TH |
|
Helena Brewers batting - Pitching for Billings Mustangs : RHP Bayani Blanco
|
|
Now in CF: Jose Cruz
|
|
|
Batting: LHB Greg Reedy
|
0-0: Ball 1-0: Foul Ball, location: 2F 1-1: Ball 2-1: Ball 3-1: SINGLE (Line Drive, 5D, EV 100.6 MPH)
|
|
Batting: RHB Tony Beaumond
|
0-0: DOUBLE (Flyball, 78D, EV 99.4 MPH) Greg Reedy to third
|
|
Batting: LHB Danny Bautista
|
0-0: Ball 1-0: Ball 2-0: Called Strike 2-1: Ball 3-1: DOUBLE (Flyball, 8LXD, EV 99.4 MPH) Greg Reedy scores Tony Beaumond scores
|
|
Batting: RHB Curtis Montgomery
|
0-0: Ball Wild Pitch! Danny Bautista to third 1-0: Ball 2-0: Ground out 5-3 (Groundball, 56S, EV 84.4 MPH) Danny Bautista scores
|
|
Batting: RHB Mohammed bin Ubaida
|
0-0: DOUBLE (Line Drive, 78D, EV 105.6 MPH)
|
|
Batting: LHB John Fortin
|
0-0: Swinging Strike 0-1: Ball 1-1: Ball 2-1: Ball 3-1: Called Strike 3-2: 2-RUN HOME RUN (Flyball, 9LD, EV 92.5 MPH), Distance : 347 ft
|
|
Pitching: LHP Gabe Alcantara
|
|
|
Batting: LHB Alex Chairez
|
0-0: Ball 1-0: Swinging Strike 1-1: Ball 2-1: Ground out 4-3 (Groundball, 4, EV 90.6 MPH)
|
|
Batting: RHB Jeremy Harden
|
0-0: Ball 1-0: Fly out, F8 (Flyball, 8LD, EV 90.0 MPH)
|
| Bottom of the 7th over - 5 runs, 5 hits, 0 errors, 0 left on base; Billings 3 - Helena 8 |
| TOP OF THE 8TH |
|
Billings Mustangs batting - Pitching for Helena Brewers : LHP Billy Rojas
|
|
Batting: SHB Jaivata Mohanty
|
0-0: Ball 1-0: Ball 2-0: Called Strike 2-1: Foul Ball, location: 2F 2-2: Strikes out swinging
|
|
Batting: RHB Alex Villagomez
|
0-0: Called Strike 0-1: Ball 1-1: SINGLE (Groundball, 6MD, EV 97.5 MPH)
|
|
Batting: SHB David Garnica
|
0-0: Called Strike 0-1: Ball Wild Pitch! Alex Villagomez to second 1-1: Ball 2-1: Ball 3-1: Base on Balls
|
|
Batting: RHB Alex Juarez
|
0-0: Ball 1-0: Ball 2-0: SINGLE (Line Drive, 89S, EV 112.5 MPH) Alex Villagomez to third David Garnica to second
|
|
Batting: RHB Gabriel Arias
|
0-0: Ball 1-0: Grounds into double play, 4-6-3 (Groundball, 4, EV 90.6 MPH)
|
| Top of the 8th over - 0 runs, 2 hits, 0 errors, 2 left on base; Billings 3 - Helena 8 |
| BOTTOM OF THE 8TH |
|
Helena Brewers batting - Pitching for Billings Mustangs : LHP Gabe Alcantara
|
|
Batting: RHB Xiao-shuang Au
|
0-0: Ball 1-0: Swinging Strike 1-1: Called Strike 1-2: Ball 2-2: Hit by Pitch
|
|
Batting: LHB Greg Reedy
|
0-0: Called Strike 0-1: 2-RUN HOME RUN (Flyball, 89XD, EV 111.9 MPH), Distance : 411 ft
|
|
Batting: RHB Tony Beaumond
|
0-0: Ball 1-0: SINGLE (Groundball, 34S, EV 65.0 MPH) (infield hit)
|
|
Batting: LHB Danny Bautista
|
0-0: Called Strike 0-1: Swinging Strike 0-2: Strikes out swinging
|
|
Batting: RHB Curtis Montgomery
|
0-0: Ball 1-0: Swinging Strike 1-1: Ball 2-1: Grounds into double play, 4-6-3 (Groundball, 4, EV 90.0 MPH)
|
| Bottom of the 8th over - 2 runs, 2 hits, 0 errors, 0 left on base; Billings 3 - Helena 10 |
| TOP OF THE 9TH |
|
Billings Mustangs batting - Pitching for Helena Brewers : LHP Billy Rojas
|
|
Batting: LHB Jose Cruz
|
0-0: Ball 1-0: Ball 2-0: Ball 3-0: Called Strike 3-1: Swinging Strike 3-2: Base on Balls
|
|
Pinch Hitting: RHB Ben Burkholder
|
0-0: Swinging Strike Jose Cruz steals 2nd base (no throw) 0-1: Swinging Strike 0-2: Ball 1-2: Ball 2-2: Ball 3-2: Foul Ball, location: 2F 3-2: Strikes out swinging
|
|
Pinch Hitting: RHB Declan Eichele
|
0-0: Foul Ball, location: 2F 0-1: Ball 1-1: Called Strike 1-2: Ball 2-2: Ground out 6-3 (Groundball, 6, EV 83.1 MPH) Jose Cruz to third
|
|
Batting: RHB Alex de Leon
|
0-0: Called Strike 0-1: Ball 1-1: Foul Ball, location: 2F 1-2: Strikes out looking
|
| Top of the 9th over - 0 runs, 0 hits, 0 errors, 1 left on base; Billings 3 - Helena 10 |
|